 Dungeon Crawl Stone Soup version 0.31-a0-256-g80acddb972 (webtiles) character file.

Game seed: 13603049942915201718

17 qw the Shooter (level 2, -1/24 HPs)
             Began as a Minotaur Hexslinger on July 12, 2023.
             Frozen to death by an endoplasm (2 damage)
             ... on level 1 of the Dungeon.
             The game lasted 00:00:10 (449 turns).

qw the Shooter (Minotaur Hexslinger)                 Turns: 449, Time: 00:00:10

Health: -1/24      AC:  3    Str: 12    XL:     2   Next: 44%
Magic:  2/2        EV: 11    Int: 10    God:
Gold:   76         SH:  0    Dex: 12    Spells: 2/3 levels left

rFire   . . .        Y - +1 sling
rCold   . . .        (no shield)
rNeg    . . .        e - +0 leather armour
rPois   .            (helmet restricted)
rElec   .            (no cloak)
rCorr   .            (no gloves)
SInv    .            (no boots)
Will    .....        (no amulet)
Stlth   +            (no ring)
HPRegen 0.24/turn    (no ring)
MPRegen 0.08/turn

%: no passive effects
@: no status effects
A: horns 2, retaliatory headbutt
a: no special abilities


You were on level 1 of the Dungeon.
You visited 1 branch of the dungeon, and saw 2 of its levels.

You collected 76 gold pieces.


Innate Abilities, Weirdness & Mutations

You have a pair of horns on your head.
You reflexively headbutt those who attack you in melee.


   Skills:
 - Level 2.0 Fighting
 + Level 3.1 Ranged Weapons
 - Level 2.1 Dodging
 - Level 1.0 Spellcasting
 - Level 2.0 Hexes


You had 2 spell levels left.
You knew the following spells:

 Your Spells              Type           Power      Damage    Failure   Level
a - Slow                  Hex            16%        N/A       19%         1

Your spell library contained the following spells:

 Spells                   Type           Power      Damage    Failure   Level
 Inner Flame              Hex/Fire       2%         N/A       65%         3
 Portal Projectile        Hex/Tloc       4%         N/A       65%         3
 Cause Fear               Hex            2%         N/A       88%         4

Inventory:

Hand Weapons
 Y - a +1 sling (weapon)
Armour
 e - a +0 leather armour (worn)

Dungeon Overview and Level Annotations

Branches:
Dungeon (2/15)

Altars:


Message History

You shoot a sling bullet. The sling bullet hits the worm.
The worm is lightly wounded.
The endoplasm freezes you.
You are frozen.
The worm closely misses you.
You shoot a sling bullet. The sling bullet hits the worm!
The worm is moderately wounded.
The endoplasm freezes you.
You are frozen.
The endoplasm closely misses you.
442 ||| STAIRDANCE The worm bites you.
The endoplasm hits you.
You climb upwards.
There is a stone staircase leading down here.
Enter note:
Enter note: You shoot a sling bullet.
The sling bullet barely misses the worm.
The endoplasm closely misses you. The worm closely misses you.
You furiously retaliate!
You headbutt the worm. You shoot a sling bullet.
The sling bullet hits the worm.
The worm is heavily wounded.
The endoplasm freezes you.
You are frozen.
The worm misses you.
You shoot a sling bullet.
The sling bullet completely misses the worm.
The endoplasm hits you. The endoplasm closely misses you.
The worm barely misses you.
You shoot a sling bullet.
The sling bullet completely misses the worm.
The endoplasm freezes you.
You are frozen.
You shoot a sling bullet.
The sling bullet barely misses the worm.
The endoplasm barely misses you. The worm closely misses you.
You shoot a sling bullet. The sling bullet hits the worm!
The worm is severely wounded.
The endoplasm freezes you.
You are frozen.
The worm bites you. The endoplasm freezes you.
You are frozen.
You die...

#...............##..
######...............##..
#....####.###........##..
#....'..).# ##.......###.
#....###### #.......# #.
#######'#....#####.......####
#....##.#.##.................
#.#.....#.##w.###############
#%#######.##@J....?..........
#.........###################
#########.# #.# #.###
######77### #...##
##........~#
###..###...7......##
##...\...........##
#####)(........<.#


You could see a worm and an endoplasm.

Vanquished Creatures
  A dart slug (D:1)
  2 endoplasms (D:1)
  A giant cockroach (D:1)
  3 goblins
  A hobgoblin (D:1)
  2 quokkas (D:1)
  A ball python (D:1)
  2 bats (D:1)
  A rat (D:1)
14 creatures vanquished.

Notes
Turn   | Place    | Note
-------+----------+-------------------------------------------
     0 | D:1      | qw the Minotaur Hexslinger began the quest for the Orb.
     0 | D:1      | Reached XP level 1. HP: 16/16 MP: 1/1
     0 | D:1      | 0 ||| qw: Version: 0.3-a-52-g30416fa
     0 | D:1      | 0 ||| qw: Game counter: 6759
     0 | D:1      | 0 ||| qw: Melee chars always use a shield: true
     0 | D:1      | 0 ||| qw: God list: Okawaru
     0 | D:1      | 0 ||| qw: Allow faded altars: false
     0 | D:1      | 0 ||| qw: Do Orc after clearing Dungeon:15 true
     0 | D:1      | 0 ||| qw: Do second Lair branch before Depths: true
     0 | D:1      | 0 ||| qw: Lair rune preference: random
     0 | D:1      | 0 ||| qw: Goals: Normal
     0 | D:1      | 0 ||| PLANNING D:1-11
    91 | D:1      | Reached skill level 3 in Ranged Weapons
   171 | D:1      | Reached XP level 2. HP: 23/23 MP: 2/2
   415 | D:1      | 415 ||| UPGRADING to +0 leather armour.
   425 | D:1      | 425 ||| DROPPING +0 robe.
   426 | D:1      | 426 ||| READING scroll labelled MOLUELOV ZOUMP.
   427 | D:1      | 427 ||| DROPPING scroll of poison.
   442 | D:2      | 442 ||| STAIRDANCE
   449 | D:1      | HP: 1/24 [worm (6)]
   449 | D:1      | Frozen to death by an endoplasm

Levels and vault maps discovered:
D:1:      nzn_arrival_settlement, layout_basic, hex_intersection
D:2:      layout_basic, hellmonk_ecumenical_altar_watching_god

Skill      XL: |  1  2 |
---------------+-------+-----
Ranged Weapons | 3 |  3.1
Fighting       | 2 |  2.0
Dodging        | |  2.1
Spellcasting   | |  1.0
Hexes          | |  2.0

Action                     || total
---------------------------++-------
   Fire: Sling             ||    39
    Use: Scroll            ||     1
 Armour: Robe              ||     1
         Leather armour    ||     1
  Dodge: Dodged            ||    11

Table legend:
 A = Non-vault XP
 B = Vault XP
 C = Vault XP percentage of total XP
 D = Non-vault monster count
 E = Vault monster count
 F = Vault count percentage of total count
                 A         B        C        D         E       F
            +---------+---------+-------+---------+---------+-------
      Total |      25 |       0 |   0.0 |      14 |       0 |   0.0
            +---------+---------+-------+---------+---------+-------
        D:1 |      24 |       0 |   0.0 |      13 |       0 |   0.0
        D:2 |       1 |       0 |   0.0 |       1 |       0 |   0.0
            +---------+---------+-------+---------+---------+-------
